 Dungeon Crawl Stone Soup version 0.31-a0-532-g28f74ba3e5 (webtiles) character file.

Game seed: 9802319802061735995

12332 mopl the Martial Artist (level 11, 0/75 HPs)
             Began as an Octopode Shapeshifter on Aug 12, 2023.
             Was an Elder of Uskayaw.
             Slain by an orc warrior
             ... wielding a +0 battleaxe
              (21 damage)
             ... on level 10 of the Dungeon.
             The game lasted 00:17:58 (9487 turns).

mopl the Martial Artist (Octopode Shapeshifter)     Turns: 9487, Time: 00:17:58

Health: 0/75       AC:  1    Str: 15    XL:     11   Next: 91%
Magic:  14/14      EV: 18    Int: 17    God:    Uskayaw [****..]
Gold:   503        SH:  0    Dex: 22    Spells: 10/10 levels left

rFire   . .          .
                       - Unarmed
rCold   . . .        (no shield)
rNeg    + . .        (helmet currently unavailable)
rPois   .            z - amulet of faith {!P}
rElec   .            u - +6 ring of intelligence
rCorr   .            r - ring of willpower
SInv    +            B - ring "Dokaon" {rN+ Dex+6}
Will    +....        C - ring of see invisible
Stlth   +++          (no ring)
HPRegen 0.32/turn    (no ring)
MPRegen 0.14/turn    (no ring)
                     (no ring)

%: faith
@: beast-form
A: beast (slay +4), almost no armour, amphibious, 8 rings, camouflage 1,
gelatinous body 1, (nimble swimmer 1), tentacles
a: Begin Untransformation, Renounce Religion, Stomp, Line Pass


You were on level 10 of the Dungeon.
You worshipped Uskayaw.
Uskayaw was noncommittal.
You were a hulking beast.
You visited 2 branches of the dungeon, and saw 11 of its levels.

You collected 503 gold pieces.

Inventory:

Missiles
 n - 20 poisoned darts (quivered)
 o - 2 javelins
 q - 13 boomerangs
 J - 4 curare-tipped darts
Armour
 G - a +0 buckler
Jewellery
 r - a ring of willpower (right tentacle)
 u - a +6 ring of intelligence (left tentacle)
 z - an amulet of faith (around mantle) {!P}
 B - the ring "Dokaon" (on tentacle) {rN+ Dex+6}
   (You found it on level 7 of the Dungeon)

   [ring of dexterity]

   Dex+6:     It affects your dexterity (+6).
   rN+:       It protects you from negative energy.
 C - a ring of see invisible (on tentacle)
 I - an amulet of the acrobat
Talismans
 b - a beast talisman (active)
 c - a flux talisman
 p - a serpent talisman
Wands
 k - a wand of paralysis (3)
 x - a wand of flame (16)
 y - a wand of mindburst (17)
 D - a wand of polymorph (20)
Scrolls
 d - 2 scrolls of poison {unknown}
 f - 3 scrolls of teleportation {unknown}
 g - a scroll of revelation {unknown}
 i - a scroll of blinking {unknown}
 s - 2 scrolls of enchant weapon {unknown}
 v - a scroll of immolation {unknown}
 w - 2 scrolls of identify
 A - a scroll of fog {unknown}
 F - a scroll of fear {unknown}
Potions
 a - 2 potions of lignification {!q}
 e - a potion of magic
 h - 2 potions of cancellation
 j - a potion of ambrosia
 l - 4 potions of mutation {!q}
 m - 2 potions of curing
 t - a potion of resistance
 E - a potion of heal wounds
 H - a potion of enlightenment


   Skills:
 + Level 7.3 Fighting
 + Level 7.5 Dodging
 * Level 10.7 Unarmed Combat
 + Level 4.2 Invocations
 - Level 5.0 Evocations
 * Level 9.2 Shapeshifting


You had 10 spell levels left.
You didn't know any spells.
Your spell library contained the following spells:

 Spells                   Type           Power      Damage    Failure   Level
 Apportation              Tloc           0%         N/A       24%         1
 Freeze                   Ice            0%         1d3       24%         1
 Magic Dart               Conj           0%         1d3       24%         1
 Call Imp                 Summ           0%         N/A       34%         2
 Cigotuvi's Dreadful Rot  Necr/Pois/Air  0%         N/A       34%         2
 Ensorcelled Hibernation  Hex/Ice        0%         N/A       34%         2
 Passwall                 Tmut/Erth      0%         N/A       34%         2
 Sublimation of Blood     Necr           0%         N/A       34%         2
 Frozen Ramparts          Ice            0%         1d1       56%         3
 Hailstorm                Conj/Ice       0%         3d3       56%         3
 Ignite Poison            Fire/Tmut/Pois 0%         N/A       56%         3
 Inner Flame              Hex/Fire       0%         N/A       56%         3
 Mephitic Cloud           Conj/Pois/Air  0%         N/A       56%         3
 Swiftness                Air            0%         N/A       56%         3
 Vhi's Electric Charge    Tloc/Air       0%         N/A       56%         3
 Flame Wave               Conj/Fire      0%         2d4       93%         4
 Petrify                  Tmut/Erth      0%         N/A       93%         4
 Sticky Flame             Conj/Fire      0%         2d3       93%         4
 Alistair's Intoxication  Tmut/Pois      0%         N/A       100%        5
 Arcjolt                  Conj/Air       0%         1d10      100%        5
 Freezing Cloud           Conj/Ice/Air   0%         6-21      100%        5
 Irradiate                Conj/Tmut      0%         3d11      100%        5
 Plasma Beam              Fire/Air       0%         2x1d10    100%        6


Dungeon Overview and Level Annotations

Branches:
Dungeon (10/15)            Temple (1/1) D:7            Lair (0/5) D:8
    Orc (0/2) D:10

Altars:
Ashenzari
Cheibriados
Dithmenos
Elyvilon
Fedhas
Gozag
Hepliaklqana
Kikubaaqudgha
Makhleb
Nemelex Xobeh
Okawaru
Qazlal
Ru
Sif Muna
Trog
Uskayaw
Vehumet
Wu Jian
Xom
Yredelemnul
Zin
The Shining One

Shops:
D:6 (   D:7 (

Annotations:
D:5 3 runed translucent doors, Xoff's ghost, novice GnCj


Innate Abilities, Weirdness & Mutations

You are a hulking beast.
Your limbs bulge with bestial killing power. (Slay +4)
You cannot wear most types of armour.
You are amphibious.
You can wear up to eight rings at the same time.
Your skin changes colour to match your surroundings (Stealth+).
Your rubbery body absorbs attacks. (AC +1, EV +1)
((You are camouflaged when in or above water. (Stealth+)))
You have tentacles for arms and can constrict up to eight enemies at once.


Message History

The troll is heavily wounded.
You release spores at the orc warrior.
The orc warrior appears confused.
The orc warrior is lightly wounded.
The orc warrior gestures wildly.
You catch the helpless orc warrior completely off-guard!
You release spores at the orc warrior but do no damage.
The orc warrior appears confused.
The orc warrior is lightly wounded.
You release spores at the orc warrior!
The orc warrior is moderately wounded.
The orc warrior misses you.
The orc warrior barely misses itself.
The troll laughs at nothing.
You can now pass through a line of other dancers.
You strike the helpless troll from behind!
You release spores at the troll!
The troll appears confused.
The troll is heavily wounded.
The troll laughs at nothing.
The troll completely misses you. The troll misses you. x2
You release spores at the troll!
The troll is almost dead.
Uskayaw will force your foes to helplessly watch your dance.
Uskayaw prepares the audience for your solo!
The helpless troll fails to defend itself.
You release spores at the troll!
You kill the troll!
The orc warrior is no longer paralysed.
You release spores at the orc warrior but do no damage.
The orc warrior is moderately wounded.
You strike the helpless orc warrior from behind!
You release spores at the orc warrior!
The orc warrior appears confused.
The orc warrior is severely wounded.
The orc warrior misses you.
Uskayaw will force your foes to share their pain.
You catch the helpless orc warrior completely off-guard!
You release spores at the orc warrior.
The orc warrior appears confused.
The orc warrior is severely wounded.
You stop sporulating.
You turn into a hulking beast.
The orc warrior hits you with a +0 battleaxe!!
You die...

..# #...##................##....
..# ##'''#.................##....
.## #......................##....
)####.)....................##....
....).[([.......##..........#....
.....)[.........##..........#....
..~....[....................#....
.......)................... #....
.........).[.)..ho........
.........~....)).........
..#####..~.[..))##......
..###........[....######
...........^........
......................
........###...........
............#.........
...................###


You could see an orc warrior (confused).

Vanquished Creatures
  A two-headed ogre (D:10)
  Sonja (D:10)
  Jeremiah (D:9)
  Pikel (D:7)
  Maggie (D:6)
  An unseen horror zombie (D:9)
  4 trolls
  Prince Ribbit (D:6)
  Grinder (D:3)
  2 hornets (D:10)
  Sigmund (D:6)
  12 yaks
  Grum (D:8)
  4 steam dragons
  Menkaure (D:6)
  Edmund (D:5)
  An acid dragon (D:10)
  2 water moccasins
  4 orc warriors
  2 sky beasts (D:7)
  5 ice beasts
  4 ogres
  7 wolves
  3 centaurs
  A phantom (D:5)
  A lemure (D:7)
  2 kobold brigands
  2 bullfrogs
  A necrophage (D:9)
  2 scorpions
  2 gnoll sergeants (D:10)
  11 wights
  6 killer bees
  2 electric eels (D:8)
  2 centaur zombies (D:9)
  A human zombie (D:9)
  7 orc priests
  5 hounds
  A jelly (D:4)
  3 iguanas
  Ijyb (D:3)
  Terence (D:3)
  2 sleepcaps
  Jessica (D:3)
  13 orc wizards
  4 mummies (D:9)
  A howler monkey zombie (D:9)
  3 gnolls (D:5)
  13 adders
  2 white imps
  A worm (D:2)
  2 dart slugs
  33 orcs
  4 bats
  6 endoplasms
  3 giant cockroaches
  10 goblins
  6 hobgoblins
  3 jackals (D:1)
  17 kobolds
  7 quokkas
  4 ball pythons
  2 frilled lizards
  7 rats
257 creatures vanquished.

Notes
Turn   | Place    | Note
-------+----------+-------------------------------------------
     0 | D:1      | mopl the Octopode Shapeshifter began the quest for the Orb.
     0 | D:1      | Reached XP level 1. HP: 13/13 MP: 1/1
   165 | D:1      | Reached XP level 2. HP: 18/18 MP: 2/2
   691 | D:1      | Found a faded altar of an unknown god.
   787 | D:2      | Reached XP level 3. HP: 23/23 MP: 3/3
  1074 | D:2      | Reached XP level 4. HP: 21/29 MP: 4/4
  1532 | D:3      | Reached skill level 2 in Fighting
  1539 | D:3      | Noticed Ijyb
  1540 | D:3      | Paralysed by Ijyb for 2 turns
  1550 | D:3      | Killed Ijyb
  1551 | D:3      | Reached skill level 4 in Unarmed Combat
  1551 | D:3      | Reached XP level 5. HP: 31/34 MP: 5/5
  1628 | D:3      | Noticed Terence
  1640 | D:3      | Killed Terence
  1841 | D:3      | Noticed Jessica
  1846 | D:3      | Killed Jessica
  1847 | D:3      | Reached skill level 3 in Dodging
  1847 | D:3      | Reached skill level 4 in Shapeshifting
  1864 | D:3      | Noticed Grinder
  1874 | D:3      | Killed Grinder
  1875 | D:3      | Reached XP level 6. HP: 41/41 MP: 6/6
  2145 | D:4      | Reached skill level 3 in Fighting
  2145 | D:4      | Reached skill level 5 in Unarmed Combat
  2145 | D:4      | Reached XP level 7. HP: 39/46 MP: 7/7
  3146 | D:5      | Entered Level 5 of the Dungeon
  3208 | D:5      | Reached skill level 5 in Shapeshifting
  3433 | D:5      | Reached XP level 8. HP: 52/52 MP: 8/8
  3459 | D:5      | Noticed Xoff's ghost (novice GnCj)
  3467 | D:5      | Found a runed translucent gate.
  3467 | D:5      | Found a runed translucent gate.
  3467 | D:5      | Found a runed translucent gate.
  3478 | D:5      | Reached skill level 4 in Dodging
  3523 | D:5      | Reached skill level 6 in Unarmed Combat
  3847 | D:5      | Noticed Edmund
  3862 | D:5      | Killed Edmund
  3863 | D:5      | Reached skill level 4 in Fighting
  4069 | D:5      | You fall into a shaft and drop 1 floor!
  4084 | D:6      | Noticed Prince Ribbit
  4094 | D:6      | Killed Prince Ribbit
  4095 | D:6      | Reached skill level 6 in Shapeshifting
  4429 | D:5      | Reached skill level 7 in Unarmed Combat
  4578 | D:6      | Found Fogotib's Antique Weapon Boutique.
  4582 | D:6      | Noticed Sigmund
  4588 | D:6      | Killed Sigmund
  4589 | D:6      | Reached XP level 9. HP: 59/59 MP: 9/9
  4608 | D:6      | Noticed Menkaure
  4623 | D:6      | Killed Menkaure
  4624 | D:6      | Reached skill level 5 in Dodging
  5054 | D:6      | Found a hazy altar of Hepliaklqana.
  5213 | D:6      | Noticed Maggie
  5224 | D:6      | Killed Maggie
  5298 | D:6      | Reached skill level 5 in Fighting
  5301 | D:6      | Reached skill level 8 in Unarmed Combat
  5489 | D:7      | Reached skill level 1 in Evocations
  5489 | D:7      | Reached skill level 7 in Shapeshifting
  5508 | D:7      | Identified the ring "Dokaon" {rN+ Dex+6}
  5595 | D:7      | Noticed Pikel
  5614 | D:7      | Killed Pikel
  5619 | D:7      | Reached skill level 2 in Evocations
  5619 | D:7      | Reached XP level 10. HP: 54/66 MP: 10/10
  6001 | D:7      | Reached skill level 6 in Dodging
  6005 | D:7      | Found Kimnunim's Antique Weapon Shop.
  6303 | D:7      | Found a staircase to the Ecumenical Temple.
  6309 | Temple   | Entered the Ecumenical Temple
  6318 | Temple   | Became a worshipper of Uskayaw the Reveller
  6465 | D:8      | Reached * piety under Uskayaw
  6466 | D:8      | Reached ** piety under Uskayaw
  6515 | D:8      | Found a staircase to the Lair.
  6520 | D:8      | Noticed Grum
  6537 | D:7      | Reached *** piety under Uskayaw
  6539 | D:7      | Reached **** piety under Uskayaw
  6540 | D:7      | Reached skill level 9 in Unarmed Combat
  6787 | D:7      | Reached skill level 3 in Evocations
  7272 | D:8      | Reached skill level 1 in Invocations
  7300 | D:8      | Reached skill level 6 in Fighting
  7300 | D:8      | Reached ***** piety under Uskayaw
  7316 | D:8      | Reached ****** piety under Uskayaw
  7319 | D:8      | Reached skill level 8 in Shapeshifting
  7465 | D:8      | Found an opulent altar of Gozag.
  7607 | D:8      | Killed Grum
  7685 | D:8      | Reached skill level 2 in Invocations
  8047 | D:9      | Noticed Jeremiah
  8107 | D:9      | Killed Jeremiah
  8108 | D:9      | Reached skill level 4 in Evocations
  8108 | D:9      | Reached XP level 11. HP: 65/74 MP: 12/12
  8273 | D:9      | Found a basalt altar of Yredelemnul.
  8290 | D:9      | Reached skill level 3 in Invocations
  8370 | D:9      | Reached skill level 10 in Unarmed Combat
  8570 | D:10     | Entered Level 10 of the Dungeon
  8658 | D:10     | Noticed Sonja
  8669 | D:10     | Killed Sonja
  8670 | D:10     | Reached skill level 7 in Dodging
  8859 | D:10     | Found a staircase to the Orcish Mines.
  9001 | D:10     | Reached skill level 7 in Fighting
  9003 | D:10     | Noticed a two-headed ogre
  9009 | D:10     | Killed a two-headed ogre
  9010 | D:10     | Reached skill level 4 in Invocations
  9010 | D:10     | Reached skill level 5 in Evocations
  9010 | D:10     | Reached skill level 9 in Shapeshifting
  9459 | D:10     | Identified the +4 plate armour "Niju" {Drain rElec Int+2
                  | Dex+6}
  9487 | D:10     | Slain by an orc warrior

Illustrated notes

Levels and vault maps discovered:
D:1:      minmay_arrival_shattered_statue, layout_loops_ring,
          dreamdust_ecumenical_altar_sealed_demon
D:2:      layout_basic, nicolae_titane
D:3:      layout_loops_cross, grunt_decor_fettered, uniq_jessica, uniq_ijyb,
          uniq_grinder, uniq_terence
D:4:      layout_cave_pools
D:5:      layout_layer_cave, gammafunk_ghost_split, kennysheep_big_empty_room,
          uniq_edmund
D:6:      layout_basic, nicolae_hepliaklqana_hippocampus, serial_shops, shop,
          uniq_maggie, uniq_sigmund, uniq_prince_ribbit1, uniq_menkaure
D:7:      layout_basic, minmay_temple_entry_enclosed_plants, serial_shops, shop,
          minivault_27, uniq_pikel
D:8:      layout_basic, grunt_gozag_breadcrumbs, hellmonk_lair_entry_icy,
          uniq_grum
D:9:      layout_small_grid, lemuel_mausoleum_altar_yredelemnul, uniq_jeremiah
D:10:     layout_basic, david_orc_2, kennysheep_kite_vault, uniq_sonja
Temple:   nicolae_temple_bog_church

Skill      XL: |  1  2  3  4  5  6  7  8  9 10 11 |
---------------+----------------------------------+-----
Fighting       | 2 3 4 5 6 7 |  7.3
Unarmed Combat | 4 5 7 8 9 10 | 10.7
Dodging        | 3 4 5 6 7 |  7.5
Shapeshifting  | 4 5 6 7 8 9 |  9.2
Evocations     | 2 4 5 |  5.0
Invocations    | 2 4 |  4.2

Action                     |  1- 3 |  4- 6 |  7- 9 | 10-12 || total
---------------------------+-------+-------+-------+-------++-------
  Melee: Unarmed           |    49 |    83 |   192 |   284 ||   608
         Constrict         |    14 |    22 |    46 |    46 ||   128
         Tentacles         |     5 |    17 |    46 |    68 ||   136
         Punch             |     2 |     3 |     9 |    19 ||    33
  Throw: Dart              |       |     4 |    19 |    25 ||    48
 Invoke: Grand Finale      |       |       |       |     2 ||     2
  Evoke: Wand              |       |     3 |     7 |    23 ||    33
    Use: Scroll            |       |       |     7 |     2 ||     9
         Potion            |       |       |       |     3 ||     3
   Stab: Sleeping          |     4 |     7 |     2 |     4 ||    17
         Paralysed         |       |     9 |    22 |    35 ||    66
         Confused          |       |       |       |     5 ||     5
 Armour: Skin              |     5 |     2 |     8 |    13 ||    28
  Dodge: Dodged            |    28 |    35 |   110 |   178 ||   351

Table legend: (Time is in decaauts)
 A = Elapsed time spent in this place.
 B = Non-inter-level travel time spent in this place.
 C = Inter-level travel time spent in this place.
 D = Time resting spent in this place.
 E = Time spent auto-exploring this place.
 F = Levels seen in this place.
 G = Mean time per level.
                   A        B        C        D        E       F      G
               +--------+--------+--------+--------+--------+-----+--------+
         Total |   9410 |   8984 |    426 |   2565 |   4524 |  11 |  855.5 |
       Dungeon |   9391 |   8983 |    408 |   2565 |   4524 |  10 |  939.1 |
        Temple |     18 |      1 |     17 |      0 |      0 |   1 |   18.0 |
               +--------+--------+--------+--------+--------+-----+--------+

Top non-repeatable levels by time:
     D:7: 1393 daAuts
     D:5: 1381 daAuts
     D:3: 947 daAuts
     D:6: 933 daAuts
     D:9: 903 daAuts
     D:8: 893 daAuts
     D:4: 754 daAuts
    D:10: 753 daAuts
     D:1: 748 daAuts
     D:2: 683 daAuts
  Temple: 18 daAuts
